Map: Lockdown LE

Players

CodyB

  • Race: Zerg Zerg
  • League: Silver

VOD

Have the link to the VOD?

Description

Time

  • Played on: June 22, 2026, 9:16 p.m.
  • Length: 4:42
Show
View Real Time Build Order
Export as new Build Order

CodyB Zerg 

Build Orders:  

Get SALT Encoding   

  8  0:00  Drone  
  9  0:15  Drone  
  10  0:30  Overlord  
  10  0:38  Drone  
  11  0:47  Drone  
  12  0:55  Drone  
  13  1:01  Drone  
  14  1:12  Drone  
  15  1:24  Drone  
  16  1:37  Drone  
  17  1:52  Hatchery  
  17  1:57  Drone  
  17  2:07  Drone  
  18  2:19  Extractor  
  17  2:29  Drone  
  18  2:30  Spawning Pool  
  18  2:32  Drone  
  18  2:44  Drone  
  19  2:57  Overlord  
  19  3:10  Drone  
  20  3:36  Queen x2  
  20  3:37  Zergling x6  
  27  3:54  Drone x2  
  29  4:01  Drone  
  29  4:06  Overlord  
Tags
 
League
Silver
Matchup
Co-op
Add a new tag
Caveats
  • Supply blocks, unpowered buildings, or Contaminate may cause inaccurate times.
  • Supply counts are checked every 10 seconds.